 Dungeon Crawl Stone Soup version 0.28-a0-1518-gbe868bca14 (webtiles) character file.

Game seed: 7192349159833688461

5466 Nattfarinn the Spear-Bearer (level 10, -2/82 HPs)
             Began as a Palentonga Fighter on Jan 17, 2022.
             Was a Believer of Okawaru.
             Killed by divine providence
             ... invoked by an orc priest
              (13 damage)
             ... on level 8 of the Dungeon.
             The game lasted 00:15:00 (11276 turns).

Nattfarinn the Spear-Bearer (Palentonga Fighter)   Turns: 11276, Time: 00:15:01

Health: -2/82      AC: 17    Str: 21 (23) XL:     10   Next: 41%
Magic:  10/10      EV:  7    Int: 12 (15) God:    Okawaru [**....]
Gold:   186        SH:  5    Dex: 11 (14) Spells: 9/9 levels left

rFire   . . .      SeeInvis +   F - +3 trident of Kauschom {freeze, rPois rN+ Int-2 Dex+3}
rCold   . . .      Faith    .   c - +0 buckler
rNeg    + . .      Spirit   .   b - +0 scale mail
rPois   +          Reflect  .   D - +1 helmet {Int+3}
rElec   .          Harm     .   H - +0 cloak
rCorr   .          Rampage  .   (no gloves)
Will    .....                   (no barding)
Stlth   ..........              (no amulet)
HPRegen 0.23/turn               B - +6 ring of intelligence
MPRegen 0.12/turn               x - ring of willpower

@: brilliant, weak-willed, hasted, curled up, very quick
A: large, rugged brown scales 3, see invisible, deformed body, roll 1, armoured
tail, reflexive curl
a: Rolling Charge, Renounce Religion, Heroism


You were on level 8 of the Dungeon.
You worshipped Okawaru.
Okawaru was pleased with you.
You visited 1 branch of the dungeon, and saw 8 of its levels.

You collected 367 gold pieces.
You spent 181 gold pieces at shops.

Inventory:

Hand Weapons
 a - a +0 war axe of venom
 e - a +2 war axe of flaming
 E - a +0 broad axe
 F - the +3 trident of Kauschom (weapon) {freeze, rPois rN+ Int-2 Dex+3}
   (You found it on level 8 of the Dungeon)

   It freezes those it strikes, dealing additional cold damage.
   It can also slow down cold-blooded creatures.
   Int:       It affects your intelligence (-2).
   Dex:       It affects your dexterity (+3).
   rPois:     It protects you from poison.
   rN:        It protects you from negative energy.
Missiles
 m - a throwing net
Armour
 b - a +0 scale mail (worn)
 c - a +0 buckler (worn)
 D - a +1 helmet of intelligence (worn)
 H - a +0 cloak (worn)
Jewellery
 x - a ring of willpower (right hand)
 B - a +6 ring of intelligence (left hand)
Wands
 h - a wand of iceblast (2)
 o - a wand of acid (25)
 q - a wand of mindburst (39)
Scrolls
 f - a scroll of identify
 i - a scroll of brand weapon
 r - 2 scrolls of magic mapping
 s - a scroll of holy word
 t - 2 scrolls of silence
Potions
 d - 2 potions of might
 k - a potion of mutation {unknown}
 l - a potion of invisibility {unknown}
 p - a potion of degeneration
 w - a potion of brilliance
 z - a potion of attraction {unknown}
 A - a potion of magic {unknown}
 C - a potion of lignification {unknown}


   Skills:
 + Level 6.5 Fighting
 * Level 8.5(11.0) Axes
 - Level 10.0(11.1) Polearms
 + Level 5.4 Armour
 + Level 5.4 Shields


You had 9 spell levels left.
You didn't know any spells.
Your spell library contained the following spells:

 Spells                   Type           Power      Damage    Failure   Level
 Magic Dart               Conj           0%         1d3       71%         1
 Mephitic Cloud           Conj/Pois/Air  0%         N/A       97%         3
 Call Imp                 Summ           Unusable   N/A       N/A         2

Dungeon Overview and Level Annotations

Branches:
Dungeon (8/15)             Temple (0/1) D:7
   Lair: D:8-11

Altars:
Hepliaklqana
Kikubaaqudgha
Okawaru
Qazlal
Ru
Uskayaw
Wu Jian
Xom
Zin
The Shining One
Lugonu

Shops:
D:6 [

Annotations:
D:3 Pikel
D:7 2 transporters


Innate Abilities, Weirdness & Mutations

You are completely covered in rugged brown scales. (AC +3, +7% HP)
You have supernaturally acute eyesight. (SInv)
Armour fits poorly on your strangely shaped body.
You can roll at nearby foes to attack.
You have a long armoured tail.
You curl defensively after being hit. (AC +7*)


Message History

Press: ? - help, Dir - move target, f/p - orc priest
Aim: an orc priest, wielding a +0 dagger (moderately wounded, about 36% to evade the +3 trident of Kauschom)
You reach to attack!
You closely miss the orc priest.
The orc priest is moderately wounded.
The orc hits you but does no damage.
Reach: F) +3 trident of Kauschom {freeze, rPois rN+ Int-2 Dex+3}
Press: ? - help, Dir - move target, f/p - orc priest
Aim: an orc priest, wielding a +0 dagger (moderately wounded, about 36% to evade the +3 trident of Kauschom)
The orc is in the way.
You barely miss the orc.
The orc priest invokes the aid of Beogh against you.
Beogh smites you!
* * * LOW HITPOINT WARNING * * *
You block the orc's attack.
The orc priest calls down the wrath of Beogh upon you.
Beogh smites you!
* * * LOW HITPOINT WARNING * * *
Unknown command.
You feel better. The orc barely misses you.
The orc priest calls down the wrath of Beogh upon you.
Beogh smites you!
* * * LOW HITPOINT WARNING * * *
You feel better. The orc barely misses you.
As you read the scroll labelled ALISCHEVIPN, it crumbles to dust.
Magic quickly surges around you.
It was a scroll of vulnerability.
The orc barely misses you.
Okay, then.
It was a potion of brilliance.
You feel clever all of a sudden. The orc hits you but does no damage.
It was a potion of experience.
You feel more experienced!
Your base Polearms skill gained 10 levels and is now at level 10!
You have reached level 10!
The orc hits you with a +0 club.
* * * LOW HITPOINT WARNING * * *
It was a potion of haste.
You feel yourself speed up. The orc hits you but does no damage.
The orc priest invokes the aid of Beogh against you.
Beogh smites you!
You die...

##.#######.# ##.............#....
##.........####....###....###....
######.......#####.# ####.#...#..
.....'.......'...#.######.#.#.#..
..####.......###)#.....##.#.#.#..
..# #.......# #.#####.##.....##.
..# #.......# #.# #.####.####.
### #.......# #.# #.# #.#####
#..[....# #@#####.# #......
#.......###o#.....# ####### ####
##########oo..########## ...#
#.....# #.....).......##### ##.#
#.###.# #...#########.##... .#.#
#.#...# #......#### #.##.#. .#.#
#.#.########.......# #.##.#. .#.#
#..................# #.##.#.
.#.#####.########.......# #.##.#.


You could see an orc priest (weak-willed) and 2 orcs.

Vanquished Creatures
  A hornet (D:8)
  A wyvern (D:7)
  A yak (D:8)
  A water moccasin (D:7)
  A sky beast (D:6)
  5 orc warriors
  2 centaurs (D:7)
  4 lemures
  3 bullfrogs
  4 scorpions
  3 centaur zombies
  A bullfrog skeleton (D:5)
  2 jellies
  2 hounds
  6 orc priests
  An iguana (D:7)
  Ijyb (D:5)
  A scorpion zombie (D:5)
  4 orc wizards
  Natasha (thrice) (D:2)
  8 gnolls
  7 adders
  A shadow imp (D:6)
  3 white imps
  2 ufetubi
  An adder skeleton (D:4)
  4 worms
  3 dart slugs
  31 orcs
  9 endoplasms
  4 giant cockroaches
  4 goblins
  6 hobgoblins
  7 jackals
  6 quokkas
  7 ball pythons
  10 frilled lizards (D:3)
  12 kobolds
  9 rats
181 creatures vanquished.

Vanquished Creatures (others)
  A human (D:5)
  9 plants (D:3)
10 creatures vanquished.

Grand Total: 191 creatures vanquished

Notes
Turn   | Place    | Note
-------+----------+-------------------------------------------
     0 | D:1      | Nattfarinn the Palentonga Fighter began the quest for the
                  | Orb.
     0 | D:1      | Reached XP level 1. HP: 19/19 MP: 1/1
    61 | D:1      | Reached XP level 2. HP: 14/25 MP: 2/2
   751 | D:1      | Reached XP level 3. HP: 29/31 MP: 3/3
   998 | D:2      | Reached XP level 4. HP: 5/37 MP: 4/4
  1818 | D:2      | Noticed Natasha
  1821 | D:2      | Killed Natasha
  1826 | D:2      | Reached XP level 5. HP: 44/44 MP: 5/5
  1955 | D:2      | Noticed Natasha
  1957 | D:2      | Killed Natasha
  2173 | D:2      | Found a faded altar of an unknown god.
  2301 | D:2      | Noticed Natasha
  2305 | D:2      | Killed Natasha
  2419 | D:3      | Reached XP level 6. HP: 24/51 MP: 6/6
  3088 | D:3      | Found a glowing drain.
  4051 | D:4      | Noticed Pikel
  4981 | D:4      | Reached skill level 5 in Axes
  5302 | D:4      | Gained mutation: You curl defensively after being hit. (AC
                  | +7*) [Palentonga growth]
  5302 | D:4      | Reached XP level 7. HP: 52/58 MP: 7/7
  5551 | D:5      | Entered Level 5 of the Dungeon
  6040 | D:5      | Noticed Ijyb
  6044 | D:5      | Killed Ijyb
  6579 | D:5      | Found an ancient bone altar of Kikubaaqudgha.
  6580 | D:5      | Noticed a human
  6582 | D:5      | Killed a human
  6679 | D:6      | Found a shimmering altar of Xom.
  6682 | D:6      | Found a hide-covered altar of Uskayaw.
  6682 | D:6      | Found a sacrificial altar of Ru.
  6948 | D:6      | Reached skill level 5 in Fighting
  6998 | D:6      | Found Zusch's Armour Boutique.
  7004 | D:6      | Bought a +1 helmet of intelligence for 181 gold pieces
  7404 | D:7      | Noticed a small abomination
  7404 | D:7      | Noticed a black mamba
  7404 | D:7      | Noticed a brown ugly thing
  7404 | D:7      | Found a transporter.
  7404 | D:7      | Found a transporter.
  7507 | D:7      | Reached XP level 8. HP: 44/66 MP: 8/8
  7637 | D:7      | Found an iron altar of Okawaru.
  7708 | D:7      | Became a worshipper of Warmaster Okawaru
  8335 | D:7      | Noticed a white ugly thing
  8336 | D:7      | Noticed a green ugly thing
  8337 | D:7      | Found a corrupted altar of Lugonu.
  8770 | D:7      | Found a hazy altar of Hepliaklqana.
  8780 | D:7      | Reached * piety under Okawaru
  8940 | D:7      | Found a glowing golden altar of the Shining One.
  8943 | D:7      | Found a glowing silver altar of Zin.
  8957 | D:7      | Found a staircase to the Ecumenical Temple.
  9110 | D:8      | Reached skill level 5 in Shields
  9501 | D:8      | Reached skill level 5 in Armour
  9501 | D:8      | Reached XP level 9. HP: 30/71 MP: 9/9
 10320 | D:8      | Found a stormy altar of Qazlal.
 10346 | D:8      | Identified the +3 trident of Kauschom {freeze, rPois rN+
                  | Int-2 Dex+3}
 10388 | D:8      | Found an ornate altar of the Wu Jian Council.
 10685 | D:8      | Paralysed by a hornet for 2 turns
 10689 | D:8      | Reached ** piety under Okawaru
 11270 | D:8      | HP: 2/75 [orc priest/divine providence (16)]
 11275 | D:8      | Reached skill level 10 in Polearms
 11275 | D:8      | Reached XP level 10. HP: 12/82 MP: 10/10
 11276 | D:8      | Killed from afar by an orc priest

Illustrated notes

Levels and vault maps discovered:
D:1:      shiori_arrival_elements, layout_loops_ring
D:2:      layout_basic, shapermc_ecumenical_altar_flowoftime, uniq_natasha
D:3:      layout_loops_corners, cheibrodos_sewer_entry_bend,
          hangedman_decor_clover_reticule, minmay_lizard_king
D:4:      layout_rooms, hangedman_abyss_or_decor_stagger,
          minmay_fractal_squares_diagonal_5, uniq_pikel
D:5:      layout_cave_pods, tgw_kikubaaqudgha, uniq_ijyb
D:6:      layout_basic, grunt_temple_overflow_open, serial_shops, shop,
          dk_rats_in_the_wall
D:7:      gammafunk_corrupted_shrine, layout_loops_ring,
          minmay_overflow_temple_star_quad, mainiacjoe_overflow_small_starburst,
          minmay_temple_entry_drinking_statues
D:8:      layout_basic, grunt_qazlal_clouds, nzn_wu_jian_contemplation

Skill      XL: |  1  2  3  4  5  6  7  8  9 |
---------------+----------------------------+-----
Axes           | 3 4 5 6 7 8 |  8.5
Armour         | 3 4 5 |  5.4
Shields        | 3 4 5 |  5.4
Fighting       | 4 5 6 |  6.5
Polearms       | 10 | 10.0

Action                   |  1- 3 |  4- 6 |  7- 9 | 10-12 || total
-------------------------+-------+-------+-------+-------++-------
Melee: War axe           |    60 |   212 |   184 |       ||   456
       Tailslap          |     7 |    25 |    40 |       ||    72
       Trident           |       |       |    65 |       ||    65
 Abil: Rolling Charge    |    13 |    17 |    36 |       ||    66
  Use: Scroll            |       |     4 |    12 |       ||    16
       Potion            |       |     2 |     5 |     1 ||     8
Armor: Scale mail        |    25 |    83 |    88 |     1 ||   197
Dodge: Dodged            |    19 |    64 |    75 |       ||   158
Block: Buckler           |    10 |    34 |    44 |       ||    88

Table legend: (Time is in decaauts)
 A = Elapsed time spent in this place.
 B = Non-inter-level travel time spent in this place.
 C = Inter-level travel time spent in this place.
 D = Time resting spent in this place.
 E = Time spent auto-exploring this place.
 F = Levels seen in this place.
 G = Mean time per level.
                   A        B        C        D        E       F      G
               +--------+--------+--------+--------+--------+-----+--------+
         Total |  11425 |  11048 |    377 |   2342 |   7432 |   8 | 1428.1 |
       Dungeon |  11425 |  11048 |    377 |   2342 |   7432 |   8 | 1428.1 |
               +--------+--------+--------+--------+--------+-----+--------+

Top non-repeatable levels by time:
     D:8: 2200 daAuts
     D:3: 1690 daAuts
     D:4: 1516 daAuts
     D:2: 1429 daAuts
     D:7: 1346 daAuts
     D:1: 1245 daAuts
     D:6: 1082 daAuts
     D:5: 913 daAuts
